Cogmind - Beta 13 @@@ ROGUE MODE // 2024.05.18 @ 18:37:06 Player: Ape Result: Destroyed by NK-M3O(R) with Subdweller Laser Performance ------------- Evolutions (0) 0 Regions Visited (3) 600 Robots Destroyed (18) 90 Value Destroyed (326) 326 Prototype IDs (2) 40 Alien Tech Used (0) 0 Bonus (51) 51 TOTAL SCORE: 1107 Bonus ------- Follower Combat Kills 60 Friendly Fire -9 Cogmind --------- Core Integrity 0/250 Matter 108/300 Energy 85/100 System Corruption 3% Temperature Cool (6) Movement Rolling (110) Location -10/Subcaves Parts ------- > --- POWER (1) -------- (None) > --- PROPULSION (2) --- Subdweller Monowheel > --- UTILITY (2) ------ (None) > --- WEAPON (2) ------- Autogun > --- INVENTORY (5) ---- Medium Storage Unit Large Storage Unit Scrap Shield EM Shotgun Peak State ------------ > --- POWER ------------ Ion Engine > --- PROPULSION ------- Light Treads Subdweller Monowheel > --- UTILITY ---------- Huge Storage Unit Medium Armor Plating > --- WEAPON ----------- Autogun Autogun > --- INVENTORY -------- Light Ion Engine Light Treads Heat Sink Cooling System Medium Storage Unit Large Storage Unit Large Storage Unit Large Matter Pod Targeting Computer Light Armor Plating Medium Armor Plating Medium Armor Plating Scrap Shield EM Shotgun EM Shotgun EM Shotgun EM Shotgun Spread Laser Spread Laser Assault Rifle Autogun Autogun Grenade Launcher Scrap Shield Fragment [Rating: 14] Favorites ----------- Power Ion Engine Engine Ion Engine Propulsion Light Treads Treads Light Treads Wheel Subdweller Monowheel Utility Huge Storage Unit Device Cooling System Storage Huge Storage Unit Processor Signal Interpreter Protection Medium Armor Plating Weapon Autogun Energy Gun EM Shotgun Ballistic Gun Autogun Launcher Grenade Launcher Build | -11 -10 -10 -10 ------- Run | Yrd Mat Min Sub Slots Evolved . | . . . . Power . | . . . . Propulsion . | . . . . Utility . | . . . . Weapon . | . . . . Parts Attached 32 | 6 8 2 16 Power 3 | 1 1 . 1 Engine 3 | 1 1 . 1 Core . | . . . . Reactor . | . . . . Propulsion 6 | 2 . . 4 Treads 4 | 2 . . 2 Leg . | . . . . Wheel 2 | . . . 2 Hover . | . . . . Flight . | . . . . Utility 10 | 1 5 2 2 Device 1 | . 1 . . Storage 3 | 1 2 . . Processor 1 | . . 1 . Hackware . | . . . . Protection 5 | . 2 1 2 Artifact . | . . . . Weapon 13 | 2 2 . 9 Energy Gun 2 | . . . 2 Energy Cannon . | . . . . Ballistic Gun 8 | 2 2 . 4 Ballistic Cannon . | . . . . Launcher 3 | . . . 3 Special Weapon . | . . . . Impact Weapon . | . . . . Slashing Weapon . | . . . . Piercing Weapon . | . . . . Special Melee Weapon . | . . . . Unidentified Prototypes . | . . . . Parts Lost 9 | . . . 9 Power 2 | . . . 2 Propulsion 3 | . . . 3 Utility 3 | . . . 3 Weapon 1 | . . . 1 Highest Loss Streak 9 | . . . 9 To Critical Strikes 1 | . . . 1 Average Slot Usage (%) 99 | . 99 100 98 Engine 14 | . 14 14 14 Treads 27 | . 28 28 25 Storage 14 | . 14 14 14 Protection 12 | . 12 11 13 Energy Gun 1 | . . . 7 Ballistic Gun 25 | . 28 28 13 Launcher 1 | . . . 6 Naked Turns . | . . . . Heaviest Build 98 | 12 98 98 98 Greatest Support 40 | 40 40 40 40 Greatest Overweight (x) 2 | . 2 2 2 Average Overweight (x) 1 | . 1 2 2 Largest Inventory Capacity 25 | 8 25 25 25 Average Capacity 22 | 7 21 25 24 Most Carried 25 | 6 25 25 25 Average Carried 22 | 3 20 24 24 Final Capacity 25 | 8 25 25 5 Final Carried 25 | 6 25 23 5 Class Distribution -------------------- 100% | Mutant Dominant Class ---------------- Mutant | -10/Materials Mutant | -10/Mines Mutant | -10/Subcaves Resources | -11 -10 -10 -10 ----------- Run | Yrd Mat Min Sub Matter Collected 1027 | 260 422 23 322 Remotely . | . . . . Salvage Created 549 | . 378 . 171 Parts 36 | . 26 . 10 Haulers Intercepted 2 | . 2 . . Recyclers Shooed 1 | . 1 . . Parts Field Recycled . | . . . . Retrieved Matter . | . . . . Parts Self-Destructed 11 | . . . 11 Prevented . | . . . . Kills | -11 -10 -10 -10 ------- Run | Yrd Mat Min Sub Combat Hostiles Destroyed 14 | . 8 . 6 Guns 11 | . 8 . 3 AOE 3 | . . . 3 Classes Destroyed 6 | . 5 . 1 Worker 1 | . 1 . . Hauler 2 | . 2 . . Recycler 1 | . 1 . . Swarmer 8 | . 5 . 3 Grunt 3 | . 3 . . Subdweller 3 | . . . 3 Best Kill Streak 3 | . 2 . 3 Combat Bots Only 3 | . 2 . 3 Max Kills in Single Turn 3 | . 2 . 3 Gunslinging . | . . . . Exploded 3 | . . . 3 Melee . | . . . . Uniques/NPCs Destroyed . | . . . . Combat | -11 -10 -10 -10 -------- Run | Yrd Mat Min Sub Hostile Shots Fired 124 | . 27 . 97 Missed 32 | . 7 . 25 Damage Taken 1522 | . 189 . 1333 Core 253 | . 43 . 210 Absorbed by Shields . | . . . . Core Remaining (%) 100 | 100 . . . Volleys Fired 72 | . 32 . 40 Largest 2 | . 2 . 2 Hottest 90 | . 46 . 90 Shots Fired 131 | . 64 1 66 Gun 118 | . 64 1 53 Cannon . | . . . . Launcher 13 | . . . 13 Special . | . . . . Kinetic 110 | . 64 1 45 Thermal . | . . . . Explosive 13 | . . . 13 Electromagnetic 8 | . . . 8 Robot Hit Streak 16 | . 10 2 16 Robot Miss Streak 3 | . 3 . 1 Penetration Max . | . . . . Secondary Targets 1 | . . . 1 Max Gunslinging Chain 1 | . . . 1 Shots Hit Robots 86 | . 39 1 46 Core Hits 33 | . 18 . 15 Critical Kills . | . . . . Critical Parts Destroyed . | . . . . Critical Strikes . | . . . . Melee Attacks . | . . . . Impact . | . . . . Slashing . | . . . . Piercing . | . . . . Sneak Attacks . | . . . . Combat Hostiles . | . . . . Follow-up Attacks . | . . . . Damage Inflicted 1053 | . 507 13 533 Guns 931 | . 507 13 411 Cannons . | . . . . Explosions 122 | . . . 122 Melee . | . . . . Ramming . | . . . . Kinetic 809 | . 507 13 289 Thermal . | . . . . Explosive 122 | . . . 122 Electromagnetic 122 | . . . 122 Impact . | . . . . Slashing . | . . . . Piercing . | . . . . Highest Corruption 3 | . 2 3 3 Average Corruption 2 | . 2 2 3 Corruption Purged . | . . . . Corruption Blocked . | . . . . Effects 41 | . 1 24 16 Message Errors 9 | . 1 5 3 Matter Fused 9 | . . 6 3 Heat Flow Errors 3 | . . 1 2 Energy Discharges 10 | . . 5 5 Parts Fused 2 | . . 2 . Data Loss (minor) 2 | . . 2 . Data Loss (major) 4 | . . 2 2 Misfires 1 | . . 1 . Weapon Failures 1 | . . . 1 Overload Shots . | . . . . Overflow Damage 3 | . . . 3 Projectiles . | . . . . Explosions 3 | . . . 3 Melee . | . . . . Knockbacks . | . . . . Impact . | . . . . Kinetic . | . . . . Secondary . | . . . . Self-Inflicted Damage 86 | . . . 86 Shots 5 | . . . 5 Rammed 1 | . . 1 . Targets Rammed 1 | . . 1 . Kicked . | . . . . Crushed . | . . . . Highest Temperature 89 | . 26 89 78 Average Temperature 18 | . 10 43 43 Received Heat Transfer 216 | . 36 . 180 Siege Activations . | . . . . Robots Corrupted . | . . . . Combat Hostiles . | . . . . Parts Fried 1 | . . . 1 Impact Corruptions . | . . . . Robots Melted . | . . . . Combat Hostiles . | . . . . Parts Melted 2 | . . . 2 Heat Transferred . | . . . . Parts Sabotaged . | . . . . Parts Stolen . | . . . . Parts Stripped . | . . . . Power Chain Reactions . | . . . . Alert | -11 -10 -10 -10 ------- Run | Yrd Mat Min Sub Peak Influence 135 | . 135 5 . Initial 5 | . . 5 . Average 25 | . 46 1 . Maximum Alert Level . | . . . . Low Security (%) 100 | 100 100 100 . Level 1 . | . . . . Level 2 . | . . . . Level 3 . | . . . . Level 4 . | . . . . Level 5 . | . . . . High Security . | . . . . Max Security . | . . . . Squads Dispatched 1 | . 1 . . Investigation . | . . . . Extermination . | . . . . Reinforcement 1 | . 1 . . Assault . | . . . . Garrison . | . . . . Intercept . | . . . . Searches Triggered . | . . . . Construction Impeded . | . . . . Haulers Reinforced . | . . . . Active Scanning Responses . | . . . . Cargo Convoy Interrupts . | . . . . Stealth | -11 -10 -10 -10 --------- Run | Yrd Mat Min Sub Distress Signals 1 | . 1 . . Communications Jammed . | . . . . Distress Signals . | . . . . Times Spotted 41 | . 22 . 19 Peak Tracking Total 4 | . 4 . 4 Tactical Retreats 2 | . 1 . 1 Traps | -11 -10 -10 -10 ------- Run | Yrd Mat Min Sub Traps Triggered 2 | . 1 1 . Indirectly . | . . . . Trap Hack Attempts . | . . . . Triggered . | . . . . Disarmed . | . . . . Reprogrammed . | . . . . Reused . | . . . . Traps Extracted . | . . . . Installed 4 | . . 4 . Triggered . | . . . . Machines | -11 -10 -10 -10 ---------- Run | Yrd Mat Min Sub Machines Disabled . | . . . . Max in Single Turn . | . . . . Machines Repaired . | . . . . Machines Dismantled . | . . . . Machines Sabotaged . | . . . . Overloaded Fab Kills . | . . . . Hacking | -11 -10 -10 -10 --------- Run | Yrd Mat Min Sub Machines Accessed 6 | . 6 . . Terminals 6 | . 6 . . Fabricators . | . . . . Repair Stations . | . . . . Recycling Units . | . . . . Scanalyzers . | . . . . Garrison Access . | . . . . Total Hacks 13 | . 13 . . Successful 5 | . 5 . . Failed 8 | . 8 . . Catastrophic 3 | . 3 . . Database Lockouts . | . . . . Manual 10 | . 10 . . Terminals 13 | . 13 . . Fabricators . | . . . . Repair Stations . | . . . . Recycling Units . | . . . . Scanalyzers . | . . . . Garrison Access . | . . . . Terminal Hacks 2 | . 2 . . Prototype ID Bank 1 | . 1 . . Locate Traps 1 | . 1 . . Fabricator Hacks . | . . . . Repair Station Hacks . | . . . . Recycling Unit Hacks . | . . . . Scanalyzer . | . . . . Garrison Access Hacks . | . . . . Unauthorized Hacks 3 | . 3 . . Terminals 3 | . 3 . . Track 1 | . 1 . . Assimilate 1 | . 1 . . Botnet 1 | . 1 . . Fabricators . | . . . . Repair Stations . | . . . . Recycling Units . | . . . . Scanalyzers . | . . . . Garrison Access . | . . . . Data Cores Recovered . | . . . . Used . | . . . . Hacking Detections 6 | . 6 . . Full Trace Events . | . . . . Feedback Events . | . . . . Feedback Blocked . | . . . . Robot Schematics Acquired . | . . . . Robots Built . | . . . . Authchips . | . . . . Time . | . . . . Total Robot Build Rating . | . . . . Part Schematics Acquired . | . . . . Parts Built . | . . . . Authchips . | . . . . Time . | . . . . Total Part Build Rating . | . . . . Parts Repaired . | . . . . Time . | . . . . Parts Recycled . | . . . . Recycled Matter . | . . . . Retrieved Matter . | . . . . Retrieved Components . | . . . . Parts Scanalyzed . | . . . . Part Schematics Acquired . | . . . . Parts Damaged . | . . . . Bothacking | -11 -10 -10 -10 ------------ Run | Yrd Mat Min Sub Used RIF Installer . | . . . . Robots Hacked . | . . . . Non-combat . | . . . . Combat . | . . . . Robot Hacks Applied . | . . . . Relay Couplers Released . | . . . . Fabnet Peak Effective % . | . . . . Robots Rewired . | . . . . Allies Hacked . | . . . . Hacks Repelled . | . . . . Allies | -11 -10 -10 -10 -------- Run | Yrd Mat Min Sub Total Allies 3 | . . 3 . Largest Group 3 | . . 3 3 Highest-Rated Group 40 | . . 40 40 Highest-Rated Ally 16 | . . 16 16 Total Orders . | . . . . Ally Attacks 13 | . . . 13 Total Damage 175 | . . . 175 Kills 2 | . . . 2 Allies Corrupted . | . . . . Allies Melted . | . . . . Intel | -11 -10 -10 -10 ------- Run | Yrd Mat Min Sub Robot Analysis Total . | . . . . Derelict Logs Recovered 2 | . . 2 . Drone Launches . | . . . . Drone Recoveries . | . . . . Exploration | -11 -10 -10 -10 ------------- Run | Yrd Mat Min Sub Turns Passed 3948 | 79 1783 1420 666 Spaces Moved 1234 | 43 593 433 165 Core 3 | 3 . . . Treads 1231 | 40 593 433 165 Legs . | . . . . Wheels . | . . . . Hover . | . . . . Flight . | . . . . Fastest Speed 50 | 50 160 320 320 Average Speed 289 | 152 268 320 320 Slowest Speed 320 | 160 320 320 320 Overloaded Moves . | . . . . Propulsion Burnouts . | . . . . Robots Hopped . | . . . . Cave-ins Triggered . | . . . . Exploration Rate (%) 46 | 4 78 93 9 Regions Visited 3 Branch Regions 2 Pre-discovered Areas 2 | . . 2 . Known Exits Taken 1 | . . 1 . Unknown Exits Taken 2 | 1 1 . . Scrap Searched 1 | . . 1 . Spaces Dug 19 | . . . 19 Terrain Destroyed 67 | . . . 67 Melee . | . . . . Projectile . | . . . . AOE 67 | . . . 67 Terrain Rammed . | . . . . Walls Destroyed . | . . . . Machines Disabled . | . . . . Actions | -11 -10 -10 -10 --------- Run | Yrd Mat Min Sub Total 1501 | 54 732 470 245 Wait 93 | . 61 25 7 Move 1231 | 42 592 432 165 Hop . | . . . . Pick Up 40 | 6 25 2 7 Fast Attach 10 | 6 3 . 1 Attach 9 | . . 2 7 Detach 3 | . 1 2 . Swap 13 | . 5 . 8 Drop 25 | . 13 2 10 Fire 72 | . 32 . 40 Melee . | . . . . Ram . | . . . . Kick . | . . . . Crush 1 | . . 1 . Escape Stasis . | . . . . Rewire . | . . . . Trap 4 | . . 4 . Miscellaneous . | . . . . Route ------- -11/Scrapyard -10/Materials (discovered 4 exits: *Mat x3 / [*Min]) -10/Mines (discovered 4 exits: *Mat x2 / [*Exi] / *Sub) -10/Subcaves (discovered 1 exit: [*Rec]) History --------- Turn | Location | Event 6 | -11/Scrapyard | Discovered new exit (range 16) 80 | -11/Scrapyard | Entered Materials 317 | -10/Materials | Build established: Mutant 379 | -10/Materials | Discovered new exit (range 8) 565 | -10/Materials | Discovered new exit (range 14) 1048 | -10/Materials | Discovered new exit (range 13) 1722 | -10/Materials | Discovered new exit (range 16) 1863 | -10/Materials | Entered Mines 1902 | -10/Mines | Discovered new exit (range 16) 1937 | -10/Mines | Learned location of 1 exit from Materials 1956 | -10/Mines | Deemed a non-threat by the Exiles lab entrance 1956 | -10/Mines | Discovered new exit (range 5) 2516 | -10/Mines | Found a hidden stash of uninstalled traps 2651 | -10/Mines | Discovered new exit (range 15) 2899 | -10/Mines | Learned location of Zion (-6) 2966 | -10/Mines | Discovered new exit (range 11) 3014 | -10/Mines | Assisted by bots powering up and referring to "LRC-V3" 3026 | -10/Mines | Identified exit to Materials 3036 | -10/Mines | Learned location of Storage (-8) 3274 | -10/Mines | Identified exit to Subcaves 3283 | -10/Mines | Entered Subcaves 3283 | -10/Subcaves | Accompanied by 3 allies 3298 | -10/Subcaves | Ambushed by Subdwellers from Twisted Machinery 3500 | -10/Subcaves | A swath of the cavern ceiling suddenly collapsed 3511 | -10/Subcaves | Ambushed by Subdweller buried in earth 3811 | -10/Subcaves | Ambushed by swarm of Subdwellers 3827 | -10/Subcaves | Discovered new exit (range 15) 3904 | -10/Subcaves | Core integrity fell below 50% 3946 | -10/Subcaves | Core integrity fell below 20% 3949 | -10/Subcaves | Destroyed by NK-M3O(R) with Subdweller Laser Last Messages --------------- 03889_ System corrupted: Autogun jammed. 03889_ Critical hit (Destroy). 03889_ Lgt. Treads destroyed. 03901_ Med. Armor Plating destroyed. 03903_ Autogun destroyed. 03906_ Sub. Monowheel melted. 03906_ 4S-VE7(R) destroyed. 03913_ Lgt. Treads destroyed. 03915_ Ion Engine destroyed. 03920_ Sub. Optics melted. 03920_ LW-BU0(R) destroyed. 03920_ Switching to secondary target: P3-FAB(R). 03923_ System corrupted: Substantial component data lost. 03928_ Dropped Lrg. Matter Pod. 03929_ Extracted 150 matter. 03939_ Med. Armor Plating destroyed. 03941_ Lgt. Ion Engine destroyed. 03948_ Dropped Huge Storage Unit. 03948_ Dropped Autogun. 03949_ The unstable cave ceiling collapses. Map ----- +----------------------------------------------------+ | ?????????????????????????????????????????????????? | | ?????????????????????????????????????????????????? | | ?????????????????????????????????????????????????? | | ?????????????????????????????????????????????????? | | ?????????????????????????????????????????????????? | | ?????????????????????????????????????????????????? | | ?????????????????????????????????????????????????? | | ?????????????????????????????????????????????????? | | ???????????????????????????##????????????????????? | | ???????????????????????????# ????????????????????? | | ??????????????????????????? #??????##???????????? | | ???????????????????????????? ?????# #???????????? | | ???????????????????????????? ????? #???????????? | | ???????????????????????????? ##?? ????????????? | | ???????????????????????????? %&#?? ???###???????? | | ???????????????????##???????? %### #??" """?????? | | ?????????????????### #???????!&& ### "?????? | | ????????????????## ?????? "?????? | | ????????????????# $ ?????? %% ""#????? | | ?????????????????# ??????# * <#???? | | ?????????????????? # ##???## [% ???????? | | ???????????????????# #### #?????????????? | | ????????????????????# #[##" # #?????????????? | | ?????????????????????# ![[&" ## ##????????????? | | ?????????????????????#"![!][ #????????????? | | ?????????????????????##[=@[=[ ##???????????? | | ?????????????????????#*&!*&! #???????????? | | ?????????????????????##&[%&## ##??????????? | | ??????????????????????#RR"#### u #??????????? | | ??????????????????????#R""#??# #??????????? | | ?????????????????????? """??## ####??????????? | | ????????????????????? " ??## ##?????????????? | | ???????????????????? ??# # #?????????????? | | ???????????????????" ## ??# ##????????????? | | ???????????????????" ##??#"??## """##???????????? | | ???????????????????" ????????## """ #???????????? | | ???????????????????"?????????#" """ #########???? | | ????????????????????????# ###"""" ""#""" ##??? | | ????????????????????????# """" "" "" # ##?? | | ????????????????????????# # "#"# "" ### | | ?????????????????????????# ?#### "" " | | ??????????????????????????????# """ "" " " | | ??????????????????????????????###"## "" "" | | ????????????????????????????????### # "" # ### ! | | ??????????????????????????????????### """ ## | | ????????????????????????????????????##""" #### | | ?????????????????????????????????????##" ####??## | | ??????????????????????????????????????#""#?????## | | ??????????????????????????????????????##"#???### | | ?????????????????????????????????????????#??## | +----------------------------------------------------+ Best States ------------- Heat Dissipation 47 Energy Generation 10 Energy Capacity 250 Matter Stores 300 Matter Capacity 300 Sight Range 16 Terrain Scan Density 10 Armor Coverage 225 Evasion (%) 40 Recoil Reduction 2 Item Schematics ----------------- None Robot Schematics ------------------ None Fabricated ------------ Nothing Alien Tech Used ----------------- None Achievements -------------- None Challenges ------------ None Game ------ Seed ShadingTripodProjector Manual? 0 Play Time 00:23:56 Cumulative 303.5 hours Start 2024.05.18 @ 18:12:48 End 2024.05.18 @ 18:37:06 Sessions 1 Manual Loads 0 Difficulty Rogue Special Mode None Game No. 139 Rogue 138 Adventurer 0 Explorer 1 Win Type - Total 17 Types 12/0/5/0/0/0/0/0/0 Lore% 71 Gallery% 77 Achievement% 70 Wizard Run 0 Options --------- Layout 0 ASCII 1 Keyboard 1 Movement Numpad Keybinds 1 Fullscreen 2 Font 24/Terminus Map View 64x40 Zoom Use 7% Tactical HUD 1 Map Filters NONE Filters NONE Steam 1 RUN: efdfb66a-2d2c-4879-bb39-cfaa80cbc557